 Dungeon Crawl Stone Soup version 0.31-a0-150-g89dc3ad700 (webtiles) character file.

Game seed: 1071552931494010280

25 Anon1729 the Trooper (level 2, 0/27 HPs)
             Began as a Minotaur Monk on June 8, 2023.
             Slain by a hobgoblin (3 damage)
             ... on level 2 of the Dungeon.
             The game lasted 00:00:24 (692 turns).

Anon1729 the Trooper (Minotaur Monk)                 Turns: 692, Time: 00:00:25

Health: 0/27       AC:  2    Str: 15    XL:     2   Next: 86%
Magic:  1/1        EV: 13    Int:  7    God:
Gold:   106        SH:  0    Dex: 12    Spells: 1/1 levels left

rFire   . . .        a - +0 hand axe
rCold   . . .        d - orb {light}
rNeg    . . .        b - +0 robe
rPois   .            (helmet restricted)
rElec   .            (no cloak)
rCorr   .            (no gloves)
SInv    .            (no boots)
Will    .....        (no amulet)
Stlth   +            (no ring)
HPRegen 0.24/turn    (no ring)
MPRegen 0.07/turn

%: no passive effects
@: glowing
A: horns 2, retaliatory headbutt
a: no special abilities


You were on level 2 of the Dungeon.
You visited 1 branch of the dungeon, and saw 2 of its levels.

You collected 106 gold pieces.

Inventory:

Hand Weapons
 a - a +0 hand axe (weapon)
Missiles
 i - 4 poisoned darts
Armour
 b - a +0 robe (worn)
 d - an orb of light (worn)
 k - a +0 chain mail
Jewellery
 f - a ring of wizardry
Scrolls
 h - 4 scrolls of identify {unknown}
Potions
 c - a potion of ambrosia
 e - a potion of heal wounds {unknown}
 g - 2 potions of might {unknown}
 j - a potion of invisibility {unknown}


   Skills:
 + Level 4.0 Fighting
 + Level 4.0 Axes
 + Level 1.2 Armour
 + Level 3.6 Dodging


You had one spell level left.
You didn't know any spells.
Your spell library was empty.

Dungeon Overview and Level Annotations

Branches:
Dungeon (2/15)

Altars:


Innate Abilities, Weirdness & Mutations

You have a pair of horns on your head.
You reflexively headbutt those who attack you in melee.


Message History

The adder bites you.
You are poisoned.
The adder poisons you! The adder misses you.
You barely miss the adder. You headbutt the adder.
You kill the adder!
You hit the hobgoblin but do no damage.
You feel sick. The hobgoblin closely misses you.
Your Fighting skill increases to level 4!
Your Axes skill increases to level 4!
Your Armour skill increases to level 1!
You barely miss the hobgoblin.
You feel sick. The hobgoblin hits you.
You are too injured to fight recklessly!
You are too injured to fight recklessly!
You feel sick.
You see here a +0 chain mail.
k - a +0 chain mail You feel sick.
The dart slug launches a dart at you. The slug dart hits you.
* * * LOW HITPOINT WARNING * * *
The hobgoblin hits you but does no damage.
You hit the hobgoblin.
The hobgoblin is lightly wounded.
You hit the dart slug.
You feel sick. The hobgoblin closely misses you. The dart slug bites you.
* * * LOW HITPOINT WARNING * * *
You barely miss the hobgoblin.
The hobgoblin is lightly wounded.
You hit the dart slug.
You feel sick.
You are no longer poisoned.
The hobgoblin hits you.
* * * LOW HITPOINT WARNING * * *
The dart slug closely misses you. You furiously retaliate!
You headbutt the dart slug!
You kill the dart slug!
The hobgoblin barely misses you.
You see here a dart slug corpse.
You hit the hobgoblin.
The hobgoblin is severely wounded.
The hobgoblin hits you.
You die...

..? #######.#.##
##.....#.....
##............
###.............
.......>.........
#...)..........
#.....g........
#....@.........
#.........<....
##.............
###............
...........#.##
........?.^#.###.#
..$.(...$........#
.##........<...#.
..........#...#


You could see a hobgoblin.

Vanquished Creatures
  An adder (D:2)
  2 dart slugs
  A ball python (D:2)
  An endoplasm (D:1)
  2 goblins (D:1)
  A hobgoblin (D:1)
  4 kobolds
  A rat (D:2)
13 creatures vanquished.

Notes
Turn   | Place    | Note
-------+----------+-------------------------------------------
     0 | D:1      | Anon1729 the Minotaur Monk began the quest for the Orb.
     0 | D:1      | Reached XP level 1. HP: 19/19 MP: 0/0
   213 | D:1      | Reached XP level 2. HP: 19/27 MP: 1/1
   686 | D:2      | Reached skill level 1 in Armour
   692 | D:2      | Slain by a hobgoblin

Illustrated notes

Levels and vault maps discovered:
D:1:      ncdulo_halloftheorcs, layout_loops_ring, minmay_tromino_i2
D:2:      layout_rooms, minmay_rat_gold_closets

Skill      XL: |  1  2 |
---------------+-------+-----
Fighting       | 4 |  4.0
Axes           | 4 |  4.0
Armour         | 1 |  1.2
Dodging        | |  3.6

Action                     || total
---------------------------++-------
  Melee: Hand axe          ||    29
         Headbutt          ||     3
 Armour: Robe              ||     4
  Dodge: Dodged            ||    22

Table legend: (Time is in decaauts)
 A = Elapsed time spent in this place.
 B = Non-inter-level travel time spent in this place.
 C = Inter-level travel time spent in this place.
 D = Time resting spent in this place.
 E = Time spent auto-exploring this place.
 F = Levels seen in this place.
 G = Mean time per level.
                   A        B        C        D        E       F      G
               +--------+--------+--------+--------+--------+-----+--------+
         Total |    694 |    686 |      8 |      0 |    599 |   2 |  347.0 |
       Dungeon |    694 |    686 |      8 |      0 |    599 |   2 |  347.0 |
               +--------+--------+--------+--------+--------+-----+--------+

Top non-repeatable levels by time:
     D:1: 664 daAuts
     D:2: 30 daAuts
